 Dungeon Sprint DCSS version 0.29-a0-542-g075992c915 (webtiles) character file.

Game seed: 3791130675070968232

522 mhtbhm the Fighter (level 7, -1/108 HPs)
             Began as a Meteoran Fighter on June 4, 2022.
             Was an Initiate of Gozag.
             Slain by a deep troll (8 damage)
             ... in the Dungeon (Sprint I: "Red Sonja").
             The game lasted 00:03:33 (568 turns).

mhtbhm the Fighter (Meteoran Fighter)                Turns: 568, Time: 00:03:33

Health: -1/108     AC: 23    Str: 19    XL:     7   Next: 75%
Magic:  8/8        EV:  2    Int: 11    God:    Gozag
Gold:   309        SH:  6    Dex: 13    Spells: 6/6 levels left

rFire   . . .      SeeInvis .   a - +0 flail
rCold   . . .      Faith    .   c - +0 buckler
rNeg    . . .      Spirit   .   (body armour currently unavailable)
rPois   +          Reflect  .   (helmet currently unavailable)
rElec   .          Harm     .   (cloak currently unavailable)
rCorr   .          Rampage  .   (gloves currently unavailable)
Will    .....      NoTele   +   (boots currently unavailable)
Stlth   +.........              (no amulet)
HPRegen 0.28/turn               (no ring)
MPRegen 0.11/turn               (no ring)

@: tree-form, glowing
A: stationary, stasis, torment immunity, boosted hp, sense surroundings 1,
otherworldly, glowing, explore regen
a: Renounce Religion, Potion Petition, Call Merchant, Bribe Branch


You were in the Dungeon.
You worshipped Gozag.
Gozag was aware of your devotion.
You were a tree.
You visited 1 branch You collected 775 gold pieces.
You spent 466 gold pieces at shops.

Inventory:

Hand Weapons
 a - a +0 flail (weapon)
Armour
 b - a +3 chain mail of fire resistance (melded)
 c - a +0 buckler (worn)
 o - a scarf of repulsion (melded)
Wands
 i - a wand of flame (3)
 k - a wand of polymorph (5)
Scrolls
 l - a scroll of fog
 m - a scroll of magic mapping {unknown}
Potions
 e - 3 potions of curing
 h - 2 potions of magic


   Skills:
 + Level 10.1 Fighting
 + Level 7.4 Maces & Flails
 + Level 10.1 Armour
 + Level 0.2 Stealth
 + Level 9.9 Shields
 + Level 0.2 Evocations


You had 6 spell levels left.
You didn't know any spells.
Your spell library was empty.

Dungeon Overview and Level Annotations

Branches:
Dungeon (1/1)

Altars:
Cheibriados
Dithmenos
Elyvilon
Fedhas
Gozag
Hepliaklqana
Kikubaaqudgha
Nemelex Xobeh
Okawaru
Qazlal
Ru
Sif Muna
Trog
Uskayaw
Vehumet
Wu Jian
Yredelemnul
Zin
The Shining One

Shops:
D [*[


Innate Abilities, Weirdness & Mutations

You are a tree.
Your roots penetrate the ground, keeping you stationary.
You cannot be teleported.
You are immune to unholy pain and torment.
Your maximum health is greatly increased.
Your equipment is partially melded.
You passively map a small area around you.
You are easily found by Zot.
You glow in the dark.
You regain HP and MP as you explore.


Message History

The deep troll is almost dead.
The deep troll bites you but does no damage.
The deep troll claws you but does no damage. x2
You hit the deep troll but do no damage.
The deep troll is almost dead.
The deep troll bites you but does no damage.
You block the deep troll's attack.
The deep troll claws you but does no damage.
You barely miss the deep troll.
The deep troll is almost dead.
You hit the deep troll but do no damage.
The deep troll is almost dead.
The deep troll bites you but does no damage.
You block the deep troll's attack.
The deep troll claws you but does no damage.
You hit the deep troll but do no damage.
The deep troll is almost dead.
You block the deep troll's attack.
The deep troll claws you but does no damage. x2
You hit the deep troll but do no damage.
The deep troll is almost dead.
You closely miss the deep troll.
The deep troll is almost dead.
The deep troll bites you.
* * * LOW HITPOINT WARNING * * *
The deep troll claws you but does no damage. x2
You hit the deep troll but do no damage.
The deep troll is almost dead.
You feel yourself slow down.
The deep troll bites you but does no damage.
The deep troll claws you but does no damage. x2
You closely miss the deep troll.
The deep troll is almost dead.
You block the deep troll's attack. x2
The deep troll claws you but does no damage.
You hit the deep troll.
The deep troll is almost dead.
You block the deep troll's attack. The deep troll claws you!
You die...
Your body crumbles into a pile of gold.

###'#####'# * $ $
##..#...#[# $ ** $ $
_####..##.# ≈≈ *$$ $
____##'#_.+≈≈ , , $
.∩...'..._# ≈ $$ , $$$
..__##_.#'# * + *,
____###'#.#$ ### $
#######.####+###(##*$*
.....(.).'$..$$T♣∩#* *
$$ ++####...##########
$ $$ $ $ , ###.### , ,
*


$$$$$$$$ ,, #.#'#.# , , $* * $$$$$$$$ ,,, #.....# * * * * , $$$$$$ ,,,,#.[.(.# *
$$$ ####### , + , , ,* ,, $ ,, ** , $ , You could see a deep troll.

Vanquished Creatures
  Sigmund (D)
  A yak (D)
  A black bear (D)
  An ogre (D)
  A jelly (D)
  Ijyb (D)
6 creatures vanquished.

Vanquished Creatures (others)
  2 ballistomycete spores (D)
2 creatures vanquished.

Grand Total: 8 creatures vanquished

Notes
Turn   | Place    | Note
-------+----------+-------------------------------------------
     0 | D        | mhtbhm the Meteoran Fighter began the quest for the Orb.
     0 | D        | Reached XP level 1. HP: 19/19 MP: 2/2
     2 | D        | Noticed Ijyb
     8 | D        | Killed Ijyb
     9 | D        | Reached skill level 5 in Armour
     9 | D        | Reached skill level 5 in Shields
     9 | D        | Reached XP level 2. HP: 28/28 MP: 3/3
     9 | D        | Reached XP level 3. HP: 34/35 MP: 4/4
   104 | D        | Noticed an ogre
   109 | D        | Killed an ogre
   110 | D        | Reached XP level 4. HP: 45/45 MP: 5/5
   110 | D        | Reached XP level 5. HP: 51/51 MP: 6/6
   113 | D        | Noticed Sigmund
   121 | D        | Killed Sigmund
   122 | D        | Reached skill level 5 in Maces & Flails
   122 | D        | Reached XP level 6. HP: 47/62 MP: 7/7
   127 | D        | Found a shimmering blue altar of Sif Muna.
   128 | D        | Found an ornate altar of the Wu Jian Council.
   129 | D        | Found a radiant altar of Vehumet.
   136 | D        | Found Bourhuw's General Store.
   136 | D        | Found an ancient bone altar of Kikubaaqudgha.
   136 | D        | Found a hazy altar of Hepliaklqana.
   136 | D        | Found a stormy altar of Qazlal.
   136 | D        | Found a hide-covered altar of Uskayaw.
   136 | D        | Found a blossoming altar of Fedhas.
   136 | D        | Found a bloodstained altar of Trog.
   136 | D        | Found an iron altar of Okawaru.
   136 | D        | Found a basalt altar of Yredelemnul.
   136 | D        | Found a glowing golden altar of the Shining One.
   136 | D        | Found a snail-covered altar of Cheibriados.
   136 | D        | Found a sacrificial altar of Ru.
   136 | D        | Found a glowing silver altar of Zin.
   136 | D        | Found a shadowy altar of Dithmenos.
   136 | D        | Found a white marble altar of Elyvilon.
   136 | D        | Noticed a yak
   140 | D        | Found an opulent altar of Gozag.
   141 | D        | Found a sparkling altar of Nemelex Xobeh.
   145 | D        | Became a worshipper of Gozag Ym Sagoz the Greedy
   151 | D        | Killed a yak
   152 | D        | Reached XP level 7. HP: 29/71 MP: 8/8
   384 | D        | Bought a wand of polymorph (6) for 88 gold pieces
   384 | D        | Bought a scroll of fog for 22 gold pieces
   391 | D        | Noticed Sonja
   392 | D        | Noticed Sonja
   392 | D        | Sonja changed into Sonja the black bear
   397 | D        | Killed Sonja the black bear
   398 | D        | Reached skill level 10 in Fighting
   398 | D        | Reached skill level 10 in Armour
   455 | D        | Found Daufiha's Antique Armour Boutique.
   469 | D        | Bought a runed chain mail for 172 gold pieces
   474 | D        | Bought a runed scarf for 184 gold pieces
   491 | D        | Noticed a deep troll
   550 | D        | HP: 2/72 [deep troll (11)]
   554 | D        | Found Kuoph's Armour Emporium.
   568 | D        | Slain by a deep troll

Illustrated notes

Levels and vault maps discovered:
D:        dungeon_sprint_1 [red_sonja_temple_1, red_sonja_temple_small_1]

Skill      XL: |  1  2  3  4  5  6  7 |
---------------+----------------------+-----
Fighting       | 4 6 8 9 10 | 10.1
Maces & Flails | 3 4 5 6 7 |  7.4
Armour         | 5 7 9 10 | 10.1
Shields        | 5 6 8 9 |  9.9
Stealth        | |  0.2
Evocations     | |  0.2

Action                   |  1- 3 |  4- 6 |  7- 9 || total
-------------------------+-------+-------+-------++-------
Melee: Flail             |     8 |    14 |    30 ||    52
Throw: Dart              |       |       |     6 ||     6
Evoke: Wand              |       |       |    12 ||    12
  Use: Potion            |     2 |       |     3 ||     5
       Scroll            |       |       |     1 ||     1
Armor: Scale mail        |       |     4 |     2 ||     6
       Skin              |       |       |    15 ||    15
       Chain mail        |       |       |    10 ||    10
Dodge: Dodged            |     2 |     1 |     8 ||    11
Block: Buckler           |     1 |     8 |    11 ||    20

Table legend: (Time is in decaauts)
 A = Elapsed time spent in this place.
 B = Non-inter-level travel time spent in this place.
 C = Inter-level travel time spent in this place.
 D = Time resting spent in this place.
 E = Time spent auto-exploring this place.
 F = Levels seen in this place.
 G = Mean time per level.
                   A        B        C        D        E       F      G
               +--------+--------+--------+--------+--------+-----+--------+
         Total |    564 |    564 |      0 |    236 |      0 |   1 |  564.0 |
       Dungeon |    564 |    564 |      0 |    236 |      0 |   1 |  564.0 |
               +--------+--------+--------+--------+--------+-----+--------+

Top non-repeatable levels by time:
       D: 564 daAuts
